 Dungeon Crawl Stone Soup version 0.22-a0-406-g9ff8d77 (webtiles) character file.

121 Borgoz the Skirmisher (level 5, -5/33 HPs)
             Began as a Gargoyle Abyssal Knight on May 8, 2018.
             Was a Believer of Lugonu.
             Slain by Crazy Yiuf
             ... wielding a +4 quarterstaff of chaos
              (8 damage)
             ... on level 2 of the Dungeon.
             The game lasted 00:04:12 (2804 turns).

Borgoz the Skirmisher (Gargoyle Abyssal Knight)     Turns: 2804, Time: 00:04:13

Health: -5/33      AC:  7    Str: 15    XL:     5   Next: 5%
Magic:  4/7        EV: 11    Int: 13    God:    Lugonu [**....]
Gold:   167        SH:  0    Dex: 10    Spells: 4/4 levels left

rFire    . . .     SeeInvis .   s - +0 battleaxe
rCold    . . .     Gourm    .   (shield currently unavailable)
rNeg     + . .     Faith    .   g - +0 leather armour (curse)
rPois    ∞         Spirit   .   (no helmet)
rElec    +         Reflect  .   (no cloak)
rCorr    .         Harm     .   (no gloves)
MR       .....                  (no boots)
Stlth    +.........             (no amulet)
HPRegen  0.11/turn              (no ring)
MPRegen  0.10/turn              (no ring)

@: very slightly contaminated, hasted, invisible, very quick
A: negative energy resistance 1, electricity resistance, unbreathing,
petrification resistance, rot immunity, AC +4
a: Depart the Abyss, Bend Space, Renounce Religion


You were on level 2 of the Dungeon.
You worshipped Lugonu.
Lugonu was pleased with you.
You were not hungry.

You visited 1 branch of the dungeon, and saw 2 of its levels.
You visited the Abyss 1 time.

You collected 167 gold pieces.

Inventory:

Hand Weapons
 a - a +1 mace of holy wrath
 s - a +0 battleaxe (weapon)
Missiles
 o - a throwing net (quivered)
Armour
 b - a +0 plate armour
 g - a cursed +0 leather armour (worn)
Jewellery
 m - a +3 ring of dexterity {unknown}
Scrolls
 f - 4 scrolls of remove curse {unknown}
 i - 5 scrolls of teleportation {unknown}
 n - a scroll of fog {unknown}
 q - 5 scrolls of identify {unknown}
Potions
 d - a potion of brilliance {unknown}
 h - 2 potions of invisibility
 j - a potion of mutation {unknown}
 k - a potion of might {unknown}
 l - a potion of lignification {unknown}
 p - a potion of haste {unknown}
Comestibles
 c - 5 rations


   Skills:
 + Level 3.8 Fighting
 * Level 2.7 Axes
 * Level 3.3 Armour
 + Level 1.6 Dodging
 + Level 2.8 Invocations


You had 4 spell levels left.
You didn't know any spells.

Dungeon Overview and Level Annotations

Branches:
Dungeon (2/15)

Altars:

Annotations:
D:2 Crazy Yiuf


Innate Abilities, Weirdness & Mutations

You are resistant to torment.
Your stone body is resilient. (AC +4)
You are immune to poison.
You resist negative energy. (rN+)
You are resistant to electric shocks. (rElec)
You can survive without breathing.
You are immune to petrification.
You are immune to rotting.


Message History

You feel yourself speed up.
Crazy Yiuf hits you with a quarterstaff of chaos.
* * * LOW HITPOINT WARNING * * *
Crazy Yiuf burns you.
* * * LOW HITPOINT WARNING * * *
It was a potion of invisibility.
You fade into invisibility!
You are very lightly contaminated with residual magic.
You catch the helpless Crazy Yiuf completely off-guard!
You hit Crazy Yiuf.
Crazy Yiuf is severely wounded.
Crazy Yiuf says, "Citrus!
Rifle spinner eyeball."
Crazy Yiuf whimpers, "Seed!"
Crazy Yiuf barely misses you.
You see here a glowing mace.
You barely miss Crazy Yiuf.
Crazy Yiuf is severely wounded.
Crazy Yiuf says, "Crazy?
Crazy!?
PORCUPINE!"
Crazy Yiuf hits you with a quarterstaff of chaos!
You die...

...#########
#...P#
###....#
...........#
#)#P##
###.##
...........#
##.##
#.######
...........#
#)##
#.....<.
##.........#
##)#
########
#.........#
#)##
###########
##)# ##'## #
#g@)# ####
#)))# ...#
#).)# (..#
##### ...#
...########
..........#
..........#
......(...#


You could see Crazy Yiuf.

Vanquished Creatures
  4 gnolls
  2 adders (D:2)
  A worm (D:2)
  3 dart slugs
  2 leopard geckos
  An orc (D:2)
  2 bats (D:1)
  3 giant cockroaches
  6 goblins
  6 hobgoblins
  8 jackals
  4 kobolds
  2 frilled lizards
  4 rats (D:1)
48 creatures vanquished.

Vanquished Creatures (others)
  3 fungi (D:2)
3 creatures vanquished.

Grand Total: 51 creatures vanquished

Notes
Turn   | Place    | Note
-------+----------+-------------------------------------------
     0 | Abyss:1  | Borgoz the Gargoyle Abyssal Knight began the quest for the Orb.
     0 | Abyss:1  | Reached XP level 1. HP: 14/14 MP: 2/2
    14 | Abyss:1  | Found a burning altar of Makhleb.
    68 | Abyss:2  | Found a basalt altar of Yredelemnul.
    68 | Abyss:2  | Found a corrupted altar of Lugonu.
   138 | Abyss:2  | Noticed a worldbinder
   139 | D:1      | Escaped the Abyss
   146 | D:1      | Noticed an iguana
   146 | D:1      | Noticed a worker ant
   146 | D:1      | Noticed a five-headed hydra
   147 | D:1      | Noticed an anaconda
   273 | D:1      | Reached * piety under Lugonu
   373 | D:1      | Reached skill level 1 in Dodging
   373 | D:1      | Reached XP level 2. HP: 15/19 MP: 3/3
   612 | D:1      | Reached XP level 3. HP: 22/23 MP: 4/4
  1359 | D:2      | Reached ** piety under Lugonu
  1502 | D:2      | Reached XP level 4. HP: 27/29 MP: 5/5
  2515 | D:2      | Found a runed door.
  2533 | D:2      | Reached XP level 5. HP: 16/33 MP: 7/7
  2789 | D:2      | Noticed Crazy Yiuf
  2804 | D:2      | Slain by Crazy Yiuf

Vault maps used:
D:1:      onia_arrival_zoo_common, minmay_pentomino_q2
D:2:      uniq_crazy_yiuf_cottage
Abyss:2:  hangedman_abyss_stitches_cave

Skill      XL: |  1  2  3  4 |
---------------+-------------+-----
Dodging        | 1 |  1.6
Axes           | 2 |  2.7
Armour         | 3 |  3.3
Fighting       | |  3.8
Invocations    | |  2.8

Action                   |  1- 3 |  4- 6 || total
-------------------------+-------+-------++-------
Melee: Hand axe          |   139 |    65 ||   204
       Battleaxe         |       |    13 ||    13
Invok: Depart the Abyss  |     1 |       ||     1
  Use: Potion            |       |     3 ||     3
 Stab: Invisible         |       |     1 ||     1
  Eat: Chunk             |     2 |     4 ||     6
Armor: Leather armour    |    46 |    24 ||    70
Dodge: Dodged            |    85 |    55 ||   140

Table legend:
 A = Spawn XP
 B = Non-spawn XP
 C = Spawn XP percentage of total XP
 D = Spawn monster count
 E = Non-spawn monster count
 F = Spawn count percentage of total count
 G = Total turns spent on level
                    A         B        C        D         E        F      G
               +---------+---------+-------+---------+---------+-------+---------
         Total |       0 |     174 |   0.0 |       0 |      48 |   0.0 |  2804
               +---------+---------+-------+---------+---------+-------+---------
           D:1 |       0 |      62 |   0.0 |       0 |      26 |   0.0 |  1289
           D:2 |       0 |     112 |   0.0 |       0 |      22 |   0.0 |  1376
               +---------+---------+-------+---------+---------+-------+---------
